 Dungeon Crawl Stone Soup version 0.30.1-9-gdf580d7c3d (webtiles) character file.

Game seed: 555568305704087817

83 KittyFluff the Cudgeller (level 4, 0/43 HPs)
             Began as a Gargoyle Berserker on Oct 16, 2023.
             Was a Follower of Trog.
             Slain by a goblin
             ... wielding a +0 club
             ... led by Robin
              (7 damage)
             ... on level 3 of the Dungeon.
             The game lasted 00:06:15 (1558 turns).

KittyFluff the Cudgeller (Gargoyle Berserker)       Turns: 1558, Time: 00:06:15

Health: 0/43       AC:  0    Str: 22    XL:     4   Next: 44%
Magic:  4/4        EV: 14    Int:  8    God:    Trog [*.....]
Gold:   100        SH:  0    Dex:  9    Spells: 3/3 levels left

rFire   . . .        a - melded +0 mace
rCold   . . .        (shield currently unavailable)
rNeg    + . .        b - melded +0 animal skin
rPois   ∞            (helmet currently unavailable)
rElec   .            (cloak currently unavailable)
rCorr   .            g - melded +0 pair of gloves
SInv    .            (boots currently unavailable)
Will    .....        (no amulet) Stlth
                     n - melded +4 ring of protection
HPRegen 0.27/turn    (ring currently unavailable)
MPRegen 0.09/turn

%: no passive effects
@: berserking, pig-form, very quick
A: fast, no casting, sickness immunity, AC +3, small, negative energy resistance
1, (electricity resistance), torment resistance 1, petrification resistance
a: Renounce Religion, Berserk


You were on level 3 of the Dungeon.
You worshipped Trog.
Trog was aware of your devotion.
You were a filthy swine.
You visited 1 branch of the dungeon, and saw 3 of its levels.

You collected 150 gold pieces.
You spent 50 gold pieces at shops.

Inventory:

Hand Weapons
 a - a +0 mace (melded)
 j - a +0 sling
Armour
 b - a +0 animal skin (melded)
 g - a +0 pair of gloves (melded)
Jewellery
 e - a ring of ice
 n - a +4 ring of protection (melded)
Scrolls
 c - 2 scrolls of identify
 d - 2 scrolls of poison {unknown}
 f - a scroll of fog {unknown}
 i - a scroll of torment {unknown}
 l - 2 scrolls of teleportation
Potions
 h - a potion of might
 k - 2 potions of curing
 m - a potion of flight


   Skills:
 + Level 3.7 Fighting
 * Level 3.8 Maces & Flails
 * Level 3.3 Armour
 + Level 2.0 Dodging


You had 3 spell levels left.
You didn't know any spells.
Your spell library was empty.

Dungeon Overview and Level Annotations

Branches:
Dungeon (3/15)

Altars:

Shops:
D:2 ?


Innate Abilities, Weirdness & Mutations

You are a filthy swine.
You move quickly.
Your equipment is almost entirely melded.
You are incapable of wielding weapons or throwing items.
You cannot cast spells.
You are immune to sickness and miasma.
((Your stone body is resilient. (AC +3)))
You are immune to poison.
You resist negative energy. (rN+)
((You are resistant to electric shocks. (rElec)))
You are resistant to unholy torment.
You are immune to petrification.


Message History

Robin zaps a wand.
You turn into a filthy swine.
Your +0 mace melds into your body.
Your +0 pair of gloves melds into your body.
Your +0 animal skin melds into your body.
Your +4 ring of protection melds into your body.
The goblin hits you with a +0 club.
You closely miss the goblin. Robin closely misses you.
The goblin hits you with a +0 club.
You hit the goblin.
You kill the goblin!
Trog accepts your kill. Robin hits you with a +0 whip.
You closely miss Robin.
Robin is heavily wounded.
Robin barely misses you.
You hit Robin.
Robin is heavily wounded.
Robin flexes a bicep menacingly.
Robin throws the goblin at you! The goblin hits you with a +0 club.
You hit Robin.
Robin is heavily wounded.
Robin hits you with a +0 whip. The goblin barely misses you.
You hit Robin.
Robin is severely wounded.
You closely miss Robin.
Robin is severely wounded.
Robin hits you with a +0 whip. The goblin barely misses you.
You hit Robin.
Robin is almost dead.
Robin hits you with a +0 whip.
* * * LOW HITPOINT WARNING * * *
The goblin completely misses you.
A red film seems to cover your vision as you go berserk!
You feel yourself moving faster!
You feel mighty! Robin closely misses you. The goblin barely misses you.
You hit Robin.
You kill Robin!
Trog accepts your kill. The goblin hits you with a +0 club!
You die...

#<##.#####.##
#....)......#
####..#........#
#.....#.#####..#
#.#.##.#.#.#.# ##..#
...........#.####...#
#.#.##.#)#.#.#......#
# #.....#.#g##.#.#
###.###.#h##.#.# #.#
#.#g##.#.# #.#
g......# ...
......### #.#
###.#### #.# #.# #.#
#.#


You could see 2 hobgoblins and a goblin (strong).

Vanquished Creatures
  Terence (D:3)
  Robin (D:3)
  2 adders (D:2)
  2 dart slugs (D:2)
  2 bats
  3 endoplasms
  3 giant cockroaches
  5 goblins
  4 hobgoblins
  4 ball pythons
  2 frilled lizards (D:2)
  4 kobolds
  4 rats
37 creatures vanquished.

Notes
Turn   | Place    | Note
-------+----------+-------------------------------------------
     0 | D:1      | KittyFluff the Gargoyle Berserker began the quest for the
                  | Orb.
     0 | D:1      | Reached XP level 1. HP: 14/14 MP: 1/1
    96 | D:1      | Reached XP level 2. HP: 11/19 MP: 2/2
   753 | D:2      | Found Cenes's Magic Scroll Shoppe.
   754 | D:2      | Found a faded altar of an unknown god.
   824 | D:2      | Reached XP level 3. HP: 16/23 MP: 3/3
   854 | D:2      | Bought a scroll of teleportation for 30 gold pieces
   854 | D:2      | Bought a scroll of identify for 20 gold pieces
  1409 | D:3      | Noticed Terence
  1423 | D:3      | Killed Terence
  1424 | D:3      | Reached XP level 4. HP: 12/29 MP: 4/4
  1540 | D:3      | Noticed Robin
  1558 | D:3      | Killed Robin
  1558 | D:3      | Slain by a goblin

Illustrated notes

Levels and vault maps discovered:
D:1:      evilmike_arrival_plus, layout_loops_ring
D:2:      layout_basic, hellmonk_ecumenical_altar_lost_god, serial_shops, shop
D:3:      layout_loops_ring, overflow_temple_1_default,
          gammafunk_ghost_mausoleum, hangedman_decor_slide_cut, corner_web_ring,
          uniq_terence, uniq_robin

Skill      XL: |  1  2  3 |
---------------+----------+-----
Armour         | 3 |  3.3
Dodging        | 2 |  2.0
Fighting       | |  3.7
Maces & Flails | |  3.8

Action                     |  1- 3 |  4- 6 || total
---------------------------+-------+-------++-------
  Melee: Mace              |   108 |     7 ||   115
         Punch             |     1 |       ||     1
         Unarmed           |       |     9 ||     9
 Invoke: Berserk           |     1 |     1 ||     2
    Use: Scroll            |     4 |       ||     4
 Armour: Animal skin       |    43 |     3 ||    46
  Dodge: Dodged            |    86 |    11 ||    97
